 Seeded DCSS version 0.30-a0-948-g4fa250aae5 (webtiles) character file.

Game seed: 6752865227208678047 (custom seed)

540 Mickster the Chopper (level 6, 0/52 HPs)
             Began as a Demigod Fighter on Mar 23, 2023.
             Succumbed to a gnoll's poison
             ... on level 5 of the Dungeon on Mar 27, 2023.
             The game lasted 00:37:14 (2578 turns).

Mickster the Chopper (Demigod Fighter)              Turns: 2578, Time: 00:37:14

Health: 0/52       AC: 11    Str: 25    XL:     6   Next: 76%
Magic:  8/8        EV:  5    Int: 10    God:
Gold:   183        SH:  9    Dex: 13    Spells: 5/5 levels left

rFire   . . .      SeeInvis .    a - +1 war axe
rCold   . . .      Faith    .    e - +0 kite shield
rNeg    . . .      Spirit   .    j - +0 plate armour
rPois   .          Reflect  .    (no helmet)
rElec   .          Rampage  .    (no cloak)
rCorr   .                        (no gloves)
Will    .....                    (no boots) Stlth
                                 (no amulet)
HPRegen 0.28/turn                (no ring)
MPRegen 0.11/turn                (no ring)

@: lethally poisoned (0 -> -5), hasted, very quick
A: high MP 1, forlorn, divine attributes
a: no special abilities


You were on level 5 of the Dungeon.
You visited 2 branches of the dungeon, and saw 6 of its levels.

You collected 183 gold pieces.

Inventory:

Hand Weapons
 a - a +1 war axe (weapon)
 g - a +0 rapier
 s - a +0 dagger of electrocution
 t - a +0 whip of venom
Missiles
 f - 37 stones
 i - 3 atropa-tipped darts (quivered)
 n - a throwing net
 p - 5 boomerangs
Armour
 b - a +0 scale mail
 c - a +0 buckler
 d - a +0 helmet
 e - a +0 kite shield (worn)
 j - a +0 plate armour (worn)
 u - a +0 chain mail
Wands
 k - a wand of light (13)
Scrolls
 l - a scroll of fog
 m - 2 scrolls of teleportation
 o - 2 scrolls of blinking
 r - a scroll of magic mapping
Potions
 q - a potion of attraction {unknown}


   Skills:
 + Level 3.8 Fighting
 + Level 4.5 Axes
 + Level 4.0 Armour
 + Level 1.2 Dodging
 + Level 0.1 Stealth
 + Level 4.0 Shields


You had 5 spell levels left.
You didn't know any spells.
Your spell library was empty.

Dungeon Overview and Level Annotations

Branches:
Dungeon (5/15)             Temple (1/1) D:4

Shops:
D:4 :


Innate Abilities, Weirdness & Mutations

You have an increased reservoir of magic. (+10% MP)
You shall have no god before yourself.
Your divine heritage dramatically boosts your attributes as you level up.


Message History

* * * LOW HITPOINT WARNING * * *
You slash the gnoll bouda!
You kill the gnoll bouda!
The gnoll is no longer moving quickly.
You feel yourself speed up. You block the jelly's attack.
You barely miss the jelly. You block the jelly's attack.
You hit the jelly.
Your hands burn!
* * * LOW HITPOINT WARNING * * *
The jelly is lightly wounded.
The jelly hits you but does no damage.
You hit the jelly.
Your hands burn!
* * * LOW HITPOINT WARNING * * *
The jelly is moderately wounded.
You block the jelly's attack.
You hit the jelly.
Your hands burn!
* * * LOW HITPOINT WARNING * * *
The jelly is heavily wounded.
The jelly hits you but does no damage.
You hit the jelly.
Your hands burn!
* * * LOW HITPOINT WARNING * * *
The jelly is severely wounded.
You block the jelly's attack.
You hit the jelly.
Your hands burn!
* * * LOW HITPOINT WARNING * * *
The jelly is almost dead.
The jelly barely misses you.
You slice the jelly!!
You kill the jelly!
The gnoll hits you but does no damage.
You are lethally poisoned!
You hit the gnoll.
The gnoll is lightly wounded.
* * * LOW HITPOINT WARNING * * *
You feel sick.
The gnoll is no longer moving quickly.
The gnoll barely misses you. You block the gnoll's attack.
You slash the gnoll!
You kill the gnoll!
* * * LOW HITPOINT WARNING * * *
You feel sick. The gnoll barely misses you.
You die...

.............
.$..........#####
............##..#
............##..#
............##..#
...........##...#
..........###.#.#
#######g###...#.#
#@##..###.###
######.#.........#
#........#...)...#
#.####†###.......#
#.# ####.##.# #.#
#.##.## #.#
#.##..#### #.#
#..##....# #.#
#########.#


You could see a gnoll.

Vanquished Creatures
  2 scorpions (D:4)
  A howler monkey (D:3)
  A hound (D:5)
  A jelly (D:5)
  An iguana (D:5)
  A gnoll bouda (D:5)
  2 orc wizards (D:4)
  Robin (D:2)
  7 gnolls
  5 adders
  3 worms
  2 dart slugs
  4 orcs
  6 ball pythons
  5 endoplasms
  6 giant cockroaches
  14 goblins
  10 hobgoblins
  3 kobolds
  4 quokkas
  5 bats
  4 frilled lizards (D:1)
  6 rats
94 creatures vanquished.

Vanquished Creatures (others)
  A plant (D:1)
1 creature vanquished.

Grand Total: 95 creatures vanquished

Notes
Turn   | Place    | Note
-------+----------+-------------------------------------------
     0 | D:1      | Mickster the Demigod Fighter began the quest for the Orb.
     0 | D:1      | Reached XP level 1. HP: 18/18 MP: 3/3
   322 | D:1      | Reached XP level 2. HP: 19/25 MP: 4/4
   464 | D:1      | Upgraded the game from 0.30-a0-930-gb9d0489357 to
                  | 0.30-a0-948-g4fa250aae5
   640 | D:2      | Reached XP level 3. HP: 20/31 MP: 5/5
   670 | D:2      | Noticed Robin
   687 | D:2      | Killed Robin
   912 | D:2      | Reached skill level 1 in Dodging
   916 | D:2      | Reached XP level 4. HP: 38/38 MP: 6/6
  1457 | D:3      | Reached XP level 5. HP: 24/45 MP: 7/7
  1817 | D:4      | Found a staircase to the Ecumenical Temple.
  1831 | Temple   | Entered the Ecumenical Temple
  2081 | D:4      | Reached XP level 6. HP: 41/52 MP: 8/8
  2438 | D:4      | Found Azuuren's Vocational Training.
  2478 | D:5      | Entered Level 5 of the Dungeon
  2576 | D:5      | HP: 2/52 [poisoned by a gnoll]
  2578 | D:5      | Succumbed to a gnoll's poison

Illustrated notes

Levels and vault maps discovered:
D:1:      eino_arrival_druids_welcome, layout_loops_ring, serial_bayou_pond_d,
          minmay_pentomino_q2
D:2:      layout_rooms, basic_ecumenical_altar, kennysheep_generic_room_13,
          uniq_robin
D:3:      layout_rooms, mainiacjoe_overflow_concentric_impassable,
          nicolae_overflow_crystal_walls, serial_corexii_hall,
          corexii_hall_statues_x, corexii_hall_statues_t
D:4:      layout_loops_cross, gammafunk_temple_overflow_claw,
          lemuel_doored_altar, mainiacjoe_overflow_brackets,
          nicolae_qazlal_eye_of_the_storm, minmay_temple_entry_stoned_glass,
          nicolae_shop_vocational
D:5:      layout_rooms, grunt_ministairs_3, uniq_prince_ribbit1, uniq_grinder
Temple:   hc_temple_tempest_star

Skill      XL: |  1  2  3  4  5  6 |
---------------+-------------------+-----
Fighting       | 3 |  3.8
Armour         | 3 4 |  4.0
Shields        | 3 4 |  4.0
Axes           | 2 3 4 |  4.5
Dodging        | 1 |  1.2
Stealth        | |  0.1

Action                     |  1- 3 |  4- 6 || total
---------------------------+-------+-------++-------
  Melee: War axe           |   113 |   128 ||   241
  Throw: Dart              |       |     3 ||     3
    Use: Potion            |     4 |     3 ||     7
         Scroll            |     5 |     4 ||     9
 Armour: Scale mail        |    68 |       ||    68
         Plate armour      |     2 |    67 ||    69
  Dodge: Dodged            |    48 |    32 ||    80
  Block: Kite shield       |    60 |    78 ||   138
         Buckler           |     2 |       ||     2

Table legend: (Time is in decaauts)
 A = Elapsed time spent in this place.
 B = Non-inter-level travel time spent in this place.
 C = Inter-level travel time spent in this place.
 D = Time resting spent in this place.
 E = Time spent auto-exploring this place.
 F = Levels seen in this place.
 G = Mean time per level.
                   A        B        C        D        E       F      G
               +--------+--------+--------+--------+--------+-----+--------+
         Total |   2686 |   2624 |     62 |    144 |      0 |   6 |  447.7 |
       Dungeon |   2500 |   2438 |     62 |    144 |      0 |   5 |  500.0 |
        Temple |    185 |    185 |      0 |      0 |      0 |   1 |  185.0 |
               +--------+--------+--------+--------+--------+-----+--------+

Top non-repeatable levels by time:
     D:4: 698 daAuts
     D:2: 688 daAuts
     D:1: 623 daAuts
     D:3: 380 daAuts
  Temple: 185 daAuts
     D:5: 109 daAuts
